 Dungeon Crawl Stone Soup version bcrawl-1.27.5 (webtiles) character file.

Game seed: 9875644030172025222

423176 Freyura the Basher (level 12, -9/103 HPs)
             Began as a Demonspawn Gladiator on Aug 29, 2020.
             Was a Priest of Makhleb.
             Mangled by an elephant (12 damage)
             ... on level 4 of the Lair of Beasts on Sept 1, 2020.
             The game lasted 00:34:27 (11821 turns).

Freyura the Basher (Demonspawn Gladiator)          Turns: 11821, Time: 00:34:28

Health: -9/103     AC: 30    Str: 14    XL:     12   Next: 26%
Magic:  17/17      EV: 15    Int: 12    God:    Makhleb [***...]
Gold:   514        SH:  0    Dex: 22    Spells: 11/11 levels left

rFire    + . .     SeeInvis .   u - +4 dire flail (protect)
rCold    . . .     Gourm    .   (shield currently unavailable)
rNeg     . . .     Faith    .   v - +5 chain mail "Xan Zotz" {rElec rCorr Dex+2}
rPois    .         Spirit   .   (helmet unavailable)
rElec    +         Reflect  .   q - +2 cloak
rCorr    +         Harm     .   (no gloves)
MR       +....                  z - +1 pair of boots
Stlth    ..........             (no amulet)
HPRegen  0.27/turn              C - ring of protection from magic
MPRegen  0.15/turn              y - +4 ring of evasion

@: protection aura, hasted, studying Dodging, drained, very quick
A: horns 3, slimy green scales 1, agile 1, clever 1, fire resistance 1, robust
1, weak 1, flame cloud immunity
a: Minor Destruction, Lesser Servant of Makhleb, Renounce Religion


You were on level 4 of the Lair of Beasts.
You worshipped Makhleb.
Makhleb was most pleased with you.
You were not hungry.

You visited 3 branches of the dungeon, and saw 15 of its levels.

You collected 789 gold pieces.
You spent 275 gold pieces at shops.

Inventory:

Hand Weapons
 u - a +4 dire flail of protection (weapon)
Missiles
 d - 7 throwing nets {=f}
Armour
 m - the +3 robe of Rotten Satisfaction {Str+3 Slay+2, unknown}
   (You found it on level 7 of the Dungeon)

   It affects your strength (+3).
   It affects your accuracy and damage with ranged weapons and melee attacks
   (+2).
 q - a +2 cloak (worn)
 r - a +2 chain mail of poison resistance
 v - the +5 chain mail "Xan Zotz" (worn) {rElec rCorr Dex+2}
   (You bought it in a shop on level 5 of the Dungeon)

   It affects your dexterity (+2).
   It insulates you from electricity.
   It provides partial protection from all sources of acid and corrosion.
 z - a +1 pair of boots (worn)
 A - the +5 ring mail "Quecvya" {rF+ rN+ Int+2, unknown}
   (You found it on level 10 of the Dungeon)

   It affects your intelligence (+2).
   It protects you from fire.
   It protects you from negative energy.
 D - a +0 pair of gloves
 I - a +0 pair of gloves
Jewellery
 s - an uncursed ring of positive energy {unknown}
 y - a +4 ring of evasion (right hand)
 C - a ring of protection from magic (left hand)
Wands
 b - a wand of polymorph (17)
 g - a wand of flame (8)
 p - a wand of acid (7)
Scrolls
 c - 8 scrolls of remove curse
 f - 4 scrolls of identify
 h - 6 scrolls of teleportation
 j - a scroll of immolation
 w - a scroll of fear
Potions
 a - a potion of lignification
 k - 2 potions of invisibility
 l - 2 potions of mutation
 n - a potion of cancellation {unknown}
 o - 2 potions of resistance
 t - 3 potions of brilliance
 x - 2 potions of flight
 B - 2 potions of magic
Books
 E - a manual of Dodging
Comestibles
 e - 28 rations {!d}
 F - a chunk of flesh


   Skills:
 + Level 8.8(7.8) Fighting
 * Level 10.5(9.8) Maces & Flails
   Level 3.6(6.8) Staves
 - Level 1.7(0.9) Throwing
 + Level 7.7(6.8) Armour
 + Level 8.4(7.4) Dodging
 + Level 7.1(6.2) Invocations
 + Level 5.3(4.4) Evocations


You had 11 spell levels left.
You didn't know any spells.
Your spell library contained the following spells:

 Spells                   Type           Power        Failure   Level  Hunger
 Beastly Appendage        Tmut           #.....       99%         1    None
 Magic Dart               Conj           #...         99%         1    None
 Summon Small Mammal      Summ           #...         99%         1    None
 Blink                    Tloc           N/A          100%        2    ####...
 Call Imp                 Summ           #.....       100%        2    ####...
 Passwall                 Tmut/Erth      #.......     100%        2    ####...
 Sticks to Snakes         Tmut           #.......     100%        2    ####...
 Call Canine Familiar     Summ           #.......     100%        3    #####..
 Conjure Flame            Conj/Fire      #.......     100%        3    #####..
 Mephitic Cloud           Conj/Pois/Air  #.......     100%        3    #####..
 Spider Form              Tmut/Pois      #..          100%        3    #####..
 Ice Form                 Ice/Tmut       #.......     100%        4    ######.
 Summon Ice Beast         Ice/Summ       #.......     100%        4    ######.
 Blade Hands              Tmut           #.........   100%        5    #######
 Summon Lightning Spire   Summ/Air       #.......     100%        5    #######


Dungeon Overview and Level Annotations

Branches:
Dungeon (10/12)            Temple (1/1) D:7            Lair (4/6) D:7
 Spider (0/3) Lair:4
  Swamp: Lair:2-4    Shoals: Lair:2-4       Orc: D:8-11

Altars:
Ashenzari
Cheibriados
Dithmenos
Elyvilon
Fedhas
Gozag
Hepliaklqana
Kikubaaqudgha
Lugonu
Makhleb
Nemelex Xobeh
Okawaru
Qazlal
Ru
Sif Muna
Trog
Uskayaw
Vehumet
Wu Jian
Xom
Yredelemnul
Zin
The Shining One

Shops:
D:5 [   D:10 *[


Innate Abilities, Weirdness & Mutations

You have a pair of large horns on your head.
You are partially covered in slimy green scales. (AC +2)
Your flesh is heat resistant. (rF+)
You are immune to clouds of flame.
You are agile. (Dex +2)
Your mind is acute. (Int +2)
You are robust. (+10% HP)
You are weak. (Str -2)


Message History

Your weapon exudes an aura of protection.
You headbutt the elephant, but do no damage.
The elephant is lightly wounded.
The hippogriff closely misses you.
The hippogriff pecks you but does no damage.
The hippogriff misses you.
You hit the elephant but do no damage.
The elephant is lightly wounded.
The elephant tramples you!
* * * LOW HITPOINT WARNING * * *
You stumble backwards!
You hit the elephant. You headbutt the elephant.
The elephant is moderately wounded.
You hit the elephant but do no damage.
The elephant is moderately wounded.
The elephant tramples you but does no damage.
The elephant trunk-slaps you but does no damage.
It was a potion of haste.
You feel yourself speed up. The elephant tramples you!
You die...

.P#..r..........#
....#.#.....#####
..#..###†#.##
....#.##.#.##
........†..P## ..# ##
).......r....# .....
###.###rr..P.## ..#.#
##..#HY####..# ....
.##.....@......# ...
.P#...#...##..## .. #
....####.####.# .#
#.....##.#.#.#..### <##
#...#..#....#...#.# ..##
#..##.....>......## #..#
#......#....#...##
##.####..P..#..#.#.##..#
#...........#.##...#..##


You could see an elephant, a hippogriff and 3 hell rats.

Vanquished Creatures
  A hydra (D:9)
  A two-headed ogre (D:9)
  Nergalle (D:9)
  An unseen horror (D:10)
  An ugly thing (D:10)
  2 elephants (Lair:4)
  2 black mambas
  2 cane toads
  2 centaur skeletons
  A demonic crawler (Lair:4)
  A rime drake (Lair:2)
  A queen bee (D:9)
  3 trolls
  2 blink frogs (Lair:3)
  3 hippogriffs
  Sigmund (D:6)
  A spriggan (D:9)
  24 yaks
  A hungry ghost (D:7)
  A basilisk (Lair:2)
  Edmund (D:4)
  Menkaure (D:2)
  An acid dragon (D:10)
  An acid dragon (shapeshifter) (D:10)
  A water moccasin (Lair:2)
  A crocodile (D:8)
  6 porcupines
  Duvessa (D:5)
  An ice beast (D:6)
  3 orc warriors
  A hornet zombie (D:10)
  3 black bears (D:7)
  A phantom (D:3)
  4 ogres
  A necrophage (D:8)
  3 centaurs
  6 bullfrogs
  A big kobold (D:9)
  Blork the orc (D:6)
  Dowan (D:5)
  4 scorpions
  23 killer bees (D:9)
  2 howler monkeys (D:9)
  3 wights (D:9)
  2 crimson imps
  2 centaur zombies
  8 hounds
  6 jellies
  A bullfrog zombie (D:5)
  7 orc priests
  19 orc wizards
  4 iguanas
  A hell rat (Lair:4)
  9 worker ants
  A hound skeleton (D:8)
  Robin (D:2)
  A worker ant zombie (D:5)
  4 gnolls
  9 adders
  4 shadow imps
  An ooze (D:3)
  An adder skeleton (D:2)
  3 worms
  3 dart slugs
  7 leopard geckos
  51 orcs
  A ball python (D:5)
  6 giant cockroaches
  9 goblins
  15 hobgoblins
  8 jackals
  11 kobolds
  3 quokkas
  7 bats
  2 frilled lizards
  A quokka skeleton (D:5)
  4 rats
  2 fungi (D:7)
337 creatures vanquished.

Vanquished Creatures (others)
  A goblin (D:2)
  7 fungi (D:7)
8 creatures vanquished.

Grand Total: 345 creatures vanquished

Notes
Turn   | Place    | Note
-------+----------+-------------------------------------------
     0 | D:1      | Freyura the Demonspawn Gladiator began the quest for the
                  | Orb.
     0 | D:1      | Reached XP level 1. HP: 16/16 MP: 1/1
   195 | D:1      | Gained mutation: You have a pair of small horns on your
                  | head. [demonic ancestry]
   195 | D:1      | Reached XP level 2. HP: 20/22 MP: 2/2
   849 | D:1      | Gained mutation: You are partially covered in slimy green
                  | scales. (AC +2) [demonic ancestry]
   849 | D:1      | Reached XP level 3. HP: 28/28 MP: 3/3
  1062 | D:2      | Found a basalt altar of Yredelemnul.
  1062 | D:2      | Found an ancient bone altar of Kikubaaqudgha.
  1062 | D:2      | Noticed Menkaure
  1066 | D:2      | Reached skill level 1 in Armour
  1069 | D:2      | Found a transporter.
  1081 | D:2      | Found a transporter.
  1197 | D:2      | Found a stormy altar of Qazlal.
  1204 | D:2      | Found a blossoming altar of Fedhas.
  1299 | D:2      | Noticed Robin
  1315 | D:2      | Killed Robin
  1481 | D:2      | Gained mutation: Your flesh is heat resistant. (rF+)
                  | [demonic ancestry]
  1481 | D:2      | Reached XP level 4. HP: 34/34 MP: 4/4
  2210 | D:2      | Killed Menkaure
  2210 | D:2      | Reached skill level 1 in Maces & Flails
  2210 | D:2      | Reached XP level 5. HP: 11/41 MP: 5/5
  2233 | D:2      | Got a jewelled short sword
  2391 | D:3      | Reached skill level 2 in Maces & Flails
  2407 | D:3      | Gained mutation: You are robust. (+10% HP) [potion of
                  | mutation]
  2407 | D:3      | Gained mutation: You are agile. (Dex +2) [potion of
                  | mutation]
  2407 | D:3      | Gained mutation: You are weak. (Str -2) [potion of
                  | mutation]
  2407 | D:3      | Gained mutation: Your mind is acute. (Int +2) [potion of
                  | mutation]
  2409 | D:3      | Reached XP level 6. HP: 13/51 MP: 6/6
  2757 | D:3      | Found a white marble altar of Elyvilon.
  3026 | D:3      | Found a faded altar of an unknown god.
  3269 | D:4      | Noticed Edmund
  3296 | D:4      | Killed Edmund
  3296 | D:4      | Reached skill level 3 in Maces & Flails
  3296 | D:4      | Reached XP level 7. HP: 49/58 MP: 7/7
  3588 | D:4      | Noticed a troll
  3600 | D:4      | Killed a troll
  3600 | D:4      | Reached skill level 4 in Maces & Flails
  3705 | D:4      | Found a glowing silver altar of Zin.
  3791 | D:5      | Entered Level 5 of the Dungeon
  3828 | D:5      | Noticed Duvessa
  3829 | D:5      | Noticed Dowan
  3839 | D:5      | Killed Duvessa
  3839 | D:5      | Gained mutation: You have a pair of horns on your head.
                  | [demonic ancestry]
  3839 | D:5      | Reached XP level 8. HP: 67/67 MP: 8/8
  3842 | D:5      | Killed Dowan
  3959 | D:5      | Found an ornate altar of the Wu Jian Council.
  4081 | D:5      | Reached skill level 5 in Maces & Flails
  4129 | D:5      | Reached skill level 5 in Fighting
  4129 | D:5      | Reached skill level 5 in Dodging
  4216 | D:5      | Found a sacrificial altar of Ru.
  4478 | D:5      | Found Kifo's Antique Armour Boutique.
  4485 | D:5      | Bought a scorched chain mail for 275 gold pieces
  4495 | D:5      | Identified the +5 chain mail "Xan Zotz" {rElec rCorr Dex+2}
                  | (You bought it in a shop on level 5 of the Dungeon)
  4682 | D:6      | Noticed Blork the orc
  4686 | D:6      | Reached skill level 6 in Maces & Flails
  4700 | D:6      | Killed Blork the orc
  4710 | D:6      | Gained mutation: You are immune to clouds of flame.
                  | [demonic ancestry]
  4710 | D:6      | Reached XP level 9. HP: 62/74 MP: 9/9
  4747 | D:6      | Noticed Sigmund
  4756 | D:6      | Killed Sigmund
  5015 | D:6      | Noticed a -2 hand axe
  5015 | D:6      | Noticed a +0 dagger
  5017 | D:6      | Found a hide-covered altar of Uskayaw.
  5171 | D:6      | Reached skill level 5 in Armour
  5406 | D:7      | Found a staircase to the Lair.
  5419 | D:7      | Reached skill level 7 in Maces & Flails
  5812 | D:7      | Found a staircase to the Ecumenical Temple.
  5860 | Temple   | Entered the Ecumenical Temple
  5976 | Temple   | Became a worshipper of Makhleb the Destroyer
  6182 | D:7      | Reached XP level 10. HP: 84/84 MP: 10/10
  6281 | D:7      | Got a distressingly furry robe
  6776 | D:8      | Reached skill level 1 in Invocations
  6876 | D:8      | Reached skill level 8 in Maces & Flails
  6969 | D:8      | Reached skill level 1 in Evocations
  7205 | D:8      | Reached * piety under Makhleb
  7661 | D:9      | Noticed a six-headed hydra
  7676 | D:9      | Killed a six-headed hydra
  7912 | D:9      | Reached skill level 9 in Maces & Flails
  7922 | D:9      | Reached ** piety under Makhleb
  8118 | D:9      | Noticed a two-headed ogre
  8132 | D:9      | Killed a two-headed ogre
  8132 | D:9      | Gained mutation: You have a pair of large horns on your
                  | head. [demonic ancestry]
  8132 | D:9      | Reached XP level 11. HP: 69/92 MP: 14/14
  8171 | D:9      | Noticed Nergalle
  8205 | D:9      | Killed Nergalle
  8592 | D:9      | Found a shattered altar of Ashenzari.
  8889 | D:10     | Entered Level 10 of the Dungeon
  8889 | D:10     | Noticed a cyan ugly thing
  8904 | D:10     | Killed a cyan ugly thing
  8904 | D:10     | Reached skill level 5 in Invocations
  8956 | D:10     | Got a masterwork ring mail
  9134 | D:10     | Found Feughan's Antique Armour Boutique.
  9347 | D:10     | Killed an unseen horror
  9398 | D:10     | Reached *** piety under Makhleb
  9412 | D:10     | Found Ykakesoh's Changing Room.
  9574 | Lair:1   | Entered Level 1 of the Lair of Beasts
 10152 | Lair:2   | Reached skill level 10 in Maces & Flails
 10156 | Lair:2   | Found a hazy altar of Hepliaklqana.
 10427 | Lair:2   | Reached XP level 12. HP: 103/103 MP: 16/16
 10499 | Lair:2   | Reached skill level 5 in Evocations
 11651 | Lair:3   | Identified a scroll of acquirement
 11651 | Lair:3   | Identified the ring of Goleole {+Fly rF+ rN+ Str-2} (You
                  | acquired it on level 3 of the Lair of Beasts)
 11705 | Lair:4   | Found a hole to the Spider Nest.
 11818 | Lair:4   | HP: 2/103 [elephant (10)]
 11821 | Lair:4   | Mangled by an elephant

Skill      XL: |  1  2  3  4  5  6  7  8  9 10 11 12 |
---------------+-------------------------------------+-----
Staves         | 3 |  3.6
Dodging        | 3 4 5 6 7 8 |  8.4
Armour         | 1 2 3 4 5 6 7 |  7.7
Fighting       | 3 4 5 6 7 8 |  8.8
Maces & Flails | 1 2 3 4 6 7 9 10 | 10.5
Invocations    | 4 6 7 |  7.1
Evocations     | 3 4 5 |  5.3
Throwing       | |  1.7

Action                   |  1- 3 |  4- 6 |  7- 9 | 10-12 || total
-------------------------+-------+-------+-------+-------++-------
Melee: Quarterstaff      |   111 |    32 |       |       ||   143
       Headbutt          |    16 |    34 |    89 |   177 ||   316
       Dire flail        |       |   129 |   335 |   715 ||  1179
Evoke: Wand              |       |       |       |     6 ||     6
  Use: Potion            |       |     3 |     1 |     8 ||    12
       Scroll            |       |     5 |     8 |    12 ||    25
 Stab: Sleeping          |     7 |     2 |     5 |       ||    14
       Distracted        |       |       |     2 |       ||     2
  Eat: Chunk             |     5 |     9 |    19 |    23 ||    56
       Ration            |       |       |       |     3 ||     3
Armor: Leather armour    |    34 |    21 |       |       ||    55
       Chain mail        |       |    68 |   206 |   510 ||   784
       Troll leather arm |       |       |    27 |       ||    27
Dodge: Dodged            |    74 |    95 |   142 |   544 ||   855
